 Dungeon Crawl Stone Soup version 0.30-b1-2-g02819fbbbe (webtiles) character file.

Game seed: 17835365720794678221

19204 Metae the Blocker (level 12, 0/110 HPs)
             Began as a Minotaur Fighter on July 6, 2023.
             Was a Follower of Uskayaw.
             Slain by a komodo dragon (3 damage)
             ... while petrified by a basilisk
             ... on level 1 of the Lair of Beasts.
             The game lasted 00:45:41 (14010 turns).

Metae the Blocker (Minotaur Fighter)               Turns: 14010, Time: 00:45:42

Health: 0/110      AC: 21    Str: 25    XL:     12   Next: 34%
Magic:  15/15      EV:  2    Int:  5    God:    Uskayaw [*.....]
Gold:   476        SH:  0    Dex: 11    Spells: 11/11 levels left

rFire   . . .        R - +3 trident
rCold   . . .        c - +0 buckler
rNeg    + + +        h - +0 plate armour
rPois   ∞            (helmet restricted)
rElec   .            b - +0 cloak
rCorr   +            n - +0 pair of gloves
SInv    .            U - +2 pair of boots
Will    .....        F - amulet of reflection Stlth
                     u - ring of poison resistance
HPRegen 0.38/turn    I - ring of resist corrosion
MPRegen 0.14/turn

%: reflection
@: petrified
A: horns 2, retaliatory headbutt
a: Renounce Religion, Stomp


You were on level 1 of the Lair of Beasts.
You worshipped Uskayaw.
Uskayaw was noncommittal.
You visited 3 branches of the dungeon, and saw 15 of its levels.
You also visited: Sewer.

You collected 1061 gold pieces.
You spent 585 gold pieces at shops.

Inventory:

Hand Weapons
 R - a +3 trident (weapon)
 T - a +2 spear of flaming
Missiles
 w - 18 poisoned darts (quivered)
 M - 2 javelins
 V - a throwing net
Armour
 b - a +0 cloak (worn)
 c - a +0 buckler (worn)
 h - a +0 plate armour (worn)
 n - a +0 pair of gloves (worn)
 U - a +2 pair of boots (worn)
Jewellery
 r - a +6 ring of dexterity
 u - a ring of poison resistance (left hand)
 y - a ring of protection from cold
 F - an amulet of reflection (around neck)
 I - a ring of resist corrosion (right hand)
 Q - a ring of see invisible
 X - a +6 ring of intelligence
Wands
 i - a wand of paralysis (10)
 k - a wand of polymorph (5)
 o - a wand of flame (21)
 v - a wand of digging (3)
 B - a wand of quicksilver (17)
 Y - a wand of roots (11)
 Z - a wand of mindburst (6)
Scrolls
 e - 6 scrolls of amnesia
 g - 5 scrolls of magic mapping
 m - 4 scrolls of poison
 s - 4 scrolls of brand weapon
 t - 6 scrolls of teleportation
 x - 3 scrolls of noise
 C - 2 scrolls of blinking
 D - a scroll of butterflies
 E - a scroll of fear {unknown}
 K - 2 scrolls of enchant armour
Potions
 a - a potion of berserk rage
 d - 3 potions of might
 f - 2 potions of invisibility {unknown}
 j - 2 potions of mutation {unknown}
 l - 4 potions of brilliance
 p - 3 potions of attraction {unknown}
 q - a potion of curing
 z - a potion of degeneration {unknown}
 A - 5 potions of flight
 G - 4 potions of cancellation
 H - 2 potions of ambrosia {unknown}
 L - 4 potions of heal wounds
 N - a potion of haste {unknown}
 P - 3 potions of magic {unknown}
 W - a potion of resistance {unknown}


   Skills:
 + Level 11.2 Fighting
 + Level 11.0 Polearms
 + Level 11.2 Armour
 + Level 9.6 Dodging
 + Level 11.2 Shields
 + Level 5.9 Invocations


You had 11 spell levels left.
You didn't know any spells.
Your spell library contained the following spells:

 Spells                   Type           Power      Damage    Failure   Level
 Apportation              Tloc           0%         N/A       99%         1
 Kiss of Death            Conj/Necr      0%         2d5       99%         1
 Necrotise                Necr           0%         1d4       99%         1
 Sting                    Tmut/Pois      0%         1d3       99%         1
 Summon Small Mammal      Summ           0%         N/A       99%         1
 Poisonous Vapours        Pois/Air       0%         N/A       100%        2
 Confusing Touch          Hex            0%         N/A       100%        3
 Hailstorm                Conj/Ice       0%         3d3       100%        3
 Dispel Undead            Necr           0%         3d6       100%        4
 Ice Form                 Ice/Tmut       0%         N/A       100%        4
 Olgreb's Toxic Radiance  Pois           0%         N/A       100%        4
 Simulacrum               Ice/Necr       0%         N/A       100%        6


Dungeon Overview and Level Annotations

Branches:
Dungeon (10/15)            Temple (1/1) D:4            Lair (4/5) D:8
 Spider (0/4) Lair:2        Sewer (visited)
  Swamp: Lair:2-3    Shoals: Lair:2-3     Slime: Lair:4-5       Orc: D:9-12

Altars:
Ashenzari
Cheibriados
Dithmenos
Elyvilon
Fedhas
Gozag
Hepliaklqana
Kikubaaqudgha
Makhleb
Nemelex Xobeh
Okawaru
Qazlal
Ru
Sif Muna
Trog
Uskayaw
Vehumet
Wu Jian
Xom
Yredelemnul
Zin
The Shining One

Shops:
D:5 ?   D:7 :   D:8 [   D:9 :   D:10 *[((


Innate Abilities, Weirdness & Mutations

You have a pair of horns on your head.
You reflexively headbutt those who attack you in melee.


Message History

The komodo dragon attacks as you move away!
The komodo dragon bites you!!
* * * LOW HITPOINT WARNING * * *
There is an open door here.
The komodo dragon attacks as you move away!
The komodo dragon bites you.
* * * LOW HITPOINT WARNING * * *
The basilisk attacks as you move away! The basilisk bites you.
* * * LOW HITPOINT WARNING * * *
The basilisk attacks as you move away!
The basilisk bites you but does no damage.
The basilisk gazes at you. You resist with some effort.
The basilisk gazes at you.
You are slowing down.
It was a potion of curing.
You feel better. The basilisk gazes at you.
Your limbs have turned to stone.
You have turned to stone.
The komodo dragon bites you but does no damage.
The basilisk gazes at you. The komodo dragon bites you.
* * * LOW HITPOINT WARNING * * *
The basilisk bites you!
* * * LOW HITPOINT WARNING * * *
The komodo dragon bites you!
* * * LOW HITPOINT WARNING * * *
The basilisk bites you but does no damage.
The komodo dragon barely misses you. The basilisk gazes at you.
The komodo dragon bites you!
* * * LOW HITPOINT WARNING * * *
The basilisk bites you but does no damage.
The komodo dragon bites you.
* * * LOW HITPOINT WARNING * * *
The basilisk bites you but does no damage.
The komodo dragon bites you!!
* * * LOW HITPOINT WARNING * * *
The basilisk bites you but does no damage.
The komodo dragon bites you.
You die...

....!....#.....# #....##..#
...#.....+.....# ####'.##.##
...#P...##.....# ##.###..#
...............#####P.##P.##
..........................#
..........................#
..........................#
.................l........##
...>............@l.........#
..........................##
..##.+#####......#.##..#..#
..###.####..>....#.....+..#
..##......#......#.....#..#
..##......#......#.....#..#
..##.....##......+.....#..#
..#####P##.......P.....#..#
..###.#####......P.....#..#


You could see a komodo dragon and a basilisk.

Vanquished Creatures
  Snorg (D:10)
  A two-headed ogre (D:10)
  A tengu warrior (D:8)
  The ghost of Setanta the Fighter, a novice OpFi of Gozag (D:8)
  Nergalle (Lair:2)
  A manticore (D:8)
  4 black mambas
  4 elephants (Lair:2)
  A gargoyle (D:10)
  2 cane toads
  5 komodo dragons
  5 trolls
  Grinder (D:3)
  Sigmund (D:4)
  A vampire (D:8)
  Eustachio (D:4)
  11 yaks
  A redback (Lair:2)
  A basilisk (D:10)
  2 vampire mosquitoes (D:10)
  An acid dragon (D:7)
  6 water moccasins
  3 orc warriors
  2 ice beasts
  4 ogres
  4 black bears
  17 wolves
  3 centaurs
  A phantom (D:5)
  3 kobold brigands
  8 bullfrogs
  Blork the orc (D:5)
  2 gnoll sergeants
  16 wights
  15 killer bees
  4 electric eels (D:8)
  4 hounds
  5 orc priests
  4 jellies
  Crazy Yiuf (D:3)
  Terence (D:2)
  A sleepcap (D:7)
  5 iguanas
  13 orc wizards
  Robin (D:2)
  11 gnolls
  10 adders
  4 river rats (Sewer)
  A white imp (D:5)
  An ufetubus (D:4)
  3 worms
  A dart slug (D:1)
  40 orcs
  5 bats
  7 endoplasms
  4 giant cockroaches
  19 goblins
  9 hobgoblins
  11 jackals
  23 kobolds
  6 quokkas
  9 ball pythons
  10 frilled lizards
  23 rats
368 creatures vanquished.

Vanquished Creatures (others)
  A hound (D:8)
  An orc wizard (D:5)
  A butterfly (D:7)
  2 fungi (Lair:1)
  11 plants
16 creatures vanquished.

Grand Total: 384 creatures vanquished

Notes
Turn   | Place    | Note
-------+----------+-------------------------------------------
     0 | D:1      | Metae the Minotaur Fighter began the quest for the Orb.
     0 | D:1      | Reached XP level 1. HP: 19/19 MP: 0/0
   235 | D:1      | Reached XP level 2. HP: 27/27 MP: 1/1
   308 | D:1      | Found a faded altar of an unknown god.
   410 | D:1      | Reached skill level 1 in Dodging
   481 | D:1      | Reached XP level 3. HP: 33/33 MP: 2/2
   645 | D:2      | Noticed Robin
   733 | D:2      | Killed Robin
   906 | D:2      | Reached XP level 4. HP: 31/40 MP: 3/3
  1228 | D:2      | Noticed Terence
  1239 | D:2      | Killed Terence
  1690 | D:3      | Found a glowing golden altar of the Shining One.
  1776 | D:3      | Reached XP level 5. HP: 47/47 MP: 4/4
  1943 | D:3      | Noticed Grinder
  1954 | D:3      | Paralysed by Grinder for 3 turns
  1961 | D:3      | Killed Grinder
  1962 | D:3      | Reached skill level 5 in Armour
  1962 | D:3      | Reached skill level 5 in Shields
  1962 | D:3      | Reached XP level 6. HP: 18/55 MP: 5/5
  2128 | D:3      | Reached skill level 5 in Fighting
  2307 | D:3      | Found a runed translucent door.
  2308 | D:3      | Noticed Crazy Yiuf
  2543 | D:4      | Found an ornate altar of the Wu Jian Council.
  2550 | D:4      | Found a snail-covered altar of Cheibriados.
  2734 | D:4      | Found a staircase to the Ecumenical Temple.
  2757 | Temple   | Entered the Ecumenical Temple
  2827 | D:4      | Noticed Eustachio
  2900 | D:4      | Killed Eustachio
  2901 | D:4      | Reached XP level 7. HP: 38/61 MP: 6/6
  3127 | D:4      | Noticed Sigmund
  3147 | D:4      | Killed Sigmund
  3148 | D:4      | Reached skill level 5 in Polearms
  3401 | D:4      | Found a hazy altar of Hepliaklqana.
  3401 | D:4      | Found a basalt altar of Yredelemnul.
  3404 | D:4      | Found a blossoming altar of Fedhas.
  3588 | D:3      | Killed Crazy Yiuf
  3701 | D:5      | Entered Level 5 of the Dungeon
  3738 | D:5      | Noticed Blork the orc
  3763 | D:5      | Killed Blork the orc
  3978 | D:5      | Found a sacrificial altar of Ru.
  4041 | D:5      | Reached XP level 8. HP: 66/70 MP: 7/7
  4257 | D:5      | Found Ejistrets's Magic Scroll Shoppe.
  4294 | D:5      | Bought a scroll of identify for 20 gold pieces
  4294 | D:5      | Bought a scroll of identify for 20 gold pieces
  4294 | D:5      | Bought a scroll of immolation for 40 gold pieces
  4294 | D:5      | Bought a scroll of enchant armour for 75 gold pieces
  4294 | D:5      | Bought a scroll of amnesia for 40 gold pieces
  4872 | D:6      | Found a sparkling altar of Nemelex Xobeh.
  4980 | D:6      | Found a glowing drain.
  4984 | Sewer    | Entered a sewer
  5017 | Sewer    | Reached skill level 5 in Dodging
  5646 | D:6      | Found an ancient bone altar of Kikubaaqudgha.
  5887 | D:6      | Reached XP level 9. HP: 68/79 MP: 8/8
  6785 | D:7      | You fall into a shaft and drop 3 floors!
  6785 | D:10     | Entered Level 10 of the Dungeon
  6785 | D:10     | Found Lablepof's Antique Weapon Boutique.
  6856 | D:10     | Noticed a troll
  6872 | D:10     | Killed a troll
  7148 | D:9      | Noticed a troll
  7162 | D:9      | Killed a troll
  7374 | D:9      | Reached XP level 10. HP: 72/90 MP: 9/9
  7793 | D:9      | Found Vosi's Book Boutique.
  7812 | D:9      | Found a hide-covered altar of Uskayaw.
  7820 | D:9      | Became a worshipper of Uskayaw the Reveller
  7842 | D:9      | Reached * piety under Uskayaw
  7848 | D:9      | Reached ** piety under Uskayaw
  7855 | D:8      | Found a runed translucent gate.
  7873 | D:8      | Reached *** piety under Uskayaw
  7955 | D:8      | Reached skill level 1 in Invocations
  8243 | D:7      | Found a white marble altar of Elyvilon.
  8364 | D:7      | Found Liub's Book Boutique.
  8647 | D:8      | Reached **** piety under Uskayaw
  8651 | D:8      | Reached ***** piety under Uskayaw
  9007 | D:8      | Found a broken altar of Ashenzari.
  9191 | D:8      | Found Coossomu's Antique Armour Emporium.
  9267 | D:8      | Found a staircase to the Lair.
 10110 | D:8      | Found a runed translucent gate.
 10111 | D:8      | Found a runed translucent gate.
 10111 | D:8      | Found an opulent altar of Gozag.
 10115 | D:8      | Noticed a manticore
 10215 | D:8      | Noticed Setanta's ghost (novice OpFi)
 10456 | D:8      | Noticed a tengu warrior
 10582 | D:9      | Found an opulent altar of Gozag.
 11253 | D:10     | Found Jyomoon's Weapon Shoppe.
 11299 | D:10     | Found Momoak's Antique Armour Emporium.
 11442 | D:10     | Found Ozezyn's General Store.
 11445 | D:10     | Bought an amulet of reflection for 390 gold pieces
 11458 | D:10     | Noticed Snorg
 11461 | D:10     | Found Leimn's Distillery.
 11466 | D:10     | Killed Snorg
 11467 | D:10     | Reached XP level 11. HP: 99/99 MP: 12/12
 11477 | D:10     | Noticed a two-headed ogre
 11488 | D:10     | Killed a two-headed ogre
 11596 | D:10     | Found a shadowy altar of Dithmenos.
 11605 | D:10     | Found a glowing silver altar of Zin.
 11765 | D:8      | Killed Setanta's ghost
 11766 | D:8      | Reached skill level 10 in Fighting
 11766 | D:8      | Reached skill level 10 in Armour
 11766 | D:8      | Reached skill level 10 in Shields
 11774 | D:8      | Reached ****** piety under Uskayaw
 11780 | D:8      | Killed a tengu warrior
 12093 | Lair:1   | Entered Level 1 of the Lair of Beasts
 12254 | Lair:1   | Reached skill level 10 in Polearms
 12803 | Lair:1   | Reached skill level 5 in Invocations
 13099 | Lair:2   | Noticed Nergalle
 13115 | Lair:2   | Killed Nergalle
 13137 | Lair:2   | Reached XP level 12. HP: 97/108 MP: 14/14
 13172 | Lair:2   | Found a hole to the Spider Nest.
 13271 | Lair:2   | You fall into a shaft and drop 2 floors!
 14009 | Lair:1   | HP: 2/110 [komodo dragon (11)]
 14010 | Lair:1   | Slain by a komodo dragon

Illustrated notes

Levels and vault maps discovered:
D:1:      heliophobic_arrival_enchanted_forest, layout_basic,
          hellmonk_ecumenical_altar_prayer_group
D:2:      layout_rooms, amethyst_killhole, kennysheep_doodads,
          minmay_pentomino_s4, uniq_terence, uniq_robin
D:3:      layout_loops_ring, nicolae_tso_carved_into_rock, minmay_pentangle,
          uniq_crazy_yiuf_cottage, uniq_grinder
D:4:      layout_loops_ring, nicolae_overflow_hidden_temple,
          minmay_temple_entry_proselytizer, uniq_sigmund, uniq_eustachio
D:5:      layout_loops_ring, overflow_temple_1_default, serial_shops, shop,
          uniq_blork_the_orc
D:6:      layout_rooms, mainiacjoe_overflow_24_doors, nemelex_dance_club_becter,
          gup_sewer_entry_spiral, minmay_fountain_box
D:7:      layout_basic, nicolae_elyvilon_peaceful_grove, serial_shops, shop
D:8:      layout_loops_ring, old_standard_altar, erik_lair_island,
          ebering_ghost_gozag, serial_shops, shop
D:9:      layout_grid_maze, mainiacjoe_overflow_concentric_impassable,
          nicolae_uskayaw_dance_hall, serial_shops, kennysheep_mini_moat,
          minmay_lizard_king
D:10:     layout_rooms, mainiacjoe_overflow_swirl, serial_shops, shop,
          nicolae_shop_real_fake_doors, nicolae_shop_tiny_real_fake_doors,
          shop_fountains, shop, serial_glass, glass_columns_b, glass_columns_a,
          glass_columns_a, glass_columns_a, uniq_snorg
Temple:   nicolae_temple_little_seven
Lair:1:   layout_regular_city
Lair:2:   layout_big_grid, spider_nest_entry_rubble, serial_bayou_shore_b,
          uniq_nergalle
Lair:3:   layout_chaotic_city, minmay_shoals_entry_lonely_mermaid
Lair:4:   layout_roguey, uniq_sonja

Skill      XL: |  1  2  3  4  5  6  7  8  9 10 11 12 |
---------------+-------------------------------------+-----
Dodging        | 1 2 3 4 5 6 8 9 |  9.6
Armour         | 4 5 6 7 8 9 10 11 | 11.2
Shields        | 4 5 6 7 8 9 10 11 | 11.2
Fighting       | 4 5 6 7 8 9 10 11 | 11.2
Polearms       | 3 4 5 6 8 9 10 11 | 11.0
Invocations    | 3 5 |  5.9

Action                     |  1- 3 |  4- 6 |  7- 9 | 10-12 || total
---------------------------+-------+-------+-------+-------++-------
  Melee: Trident           |    90 |   126 |   378 |   550 ||  1144
         Headbutt          |     6 |    23 |    73 |   137 ||   239
  Throw: Dart              |       |       |     1 |       ||     1
    Use: Scroll            |       |       |       |    14 ||    14
         Potion            |       |       |       |     3 ||     3
   Stab: Paralysed         |       |       |       |    34 ||    34
 Armour: Scale mail        |    64 |    13 |       |       ||    77
         Chain mail        |       |    77 |   150 |   105 ||   332
         Plate armour      |       |       |       |   202 ||   202
  Dodge: Dodged            |    52 |    66 |   167 |   262 ||   547
  Block: Buckler           |    27 |    47 |   116 |   272 ||   462
